 Dungeon Crawl Stone Soup version 0.26.0-10-g1f06aea511 (webtiles) character file.

Game seed: 15436993903610191906

299 Amaterasu the Chopper (level 6, -2/57 HPs)
             Began as a Minotaur Fighter on Jan 31, 2021.
             Slain by Pikel
             ... wielding a +1 whip of freezing
              (4 damage)
             ... on level 4 of the Dungeon.
             The game lasted 00:03:41 (2946 turns).

Amaterasu the Chopper (Minotaur Fighter)            Turns: 2946, Time: 00:03:42

Health: -2/57      AC: 10    Str: 22    XL:     6   Next: 13%
Magic:  5/5        EV:  7    Int:  5    God:
Gold:   216        SH:  9    Dex: 10    Spells: 5/5 levels left

rFire    + . .     SeeInvis .   a - +0 war axe
rCold    . . .     Faith    .   c - +0 kite shield
rNeg     . . .     Spirit   .   b - +0 scale mail
rPois    +         Reflect  .   (helmet restricted)
rElec    .         Harm     .   k - +1 cloak
rCorr    .         Rampage  .   (no gloves)
Will     .....                  p - +0 pair of boots
Stlth    ..........             (no amulet)
HPRegen  0.19/turn              h - ring of poison resistance
MPRegen  0.09/turn              r - ring of protection from fire

@: no status effects
A: retaliatory headbutt, horns 2
a: no special abilities


You were on level 4 of the Dungeon.
You visited 1 branch of the dungeon, and saw 4 of its levels.

You collected 216 gold pieces.

Inventory:

Hand Weapons
 a - a +0 war axe (weapon)
Missiles
 s - 4 silver javelins (quivered)
Armour
 b - a +0 scale mail (worn)
 c - a +0 kite shield (worn)
 k - a +1 cloak (worn)
 p - a +0 pair of boots (worn)
Jewellery
 h - a ring of poison resistance (left hand)
 r - a ring of protection from fire (right hand)
Scrolls
 i - a scroll of random uselessness
 l - a scroll of identify
 n - 2 scrolls of magic mapping
Potions
 d - 2 potions of might
 e - 2 potions of invisibility {unknown}
 f - 2 potions of haste {unknown}
 g - a potion of magic {unknown}
 j - a potion of brilliance {unknown}
 m - 2 potions of mutation {unknown}
 o - a potion of lignification {unknown}
 q - a potion of attraction {unknown}
 t - a potion of berserk rage {unknown}


   Skills:
 - Level 6.0 Fighting
 * Level 6.1 Axes
 * Level 3.7 Armour
 * Level 0.1 Dodging
 - Level 3.6 Shields


You had 5 spell levels left.
You didn't know any spells.
Your spell library was empty.

Dungeon Overview and Level Annotations

Branches:
Dungeon (4/15)
 Temple: D:4-7

Altars:
Nemelex Xobeh

Annotations:
D:4 Eustachio, Pikel, Robin


Innate Abilities, Weirdness & Mutations

You reflexively headbutt those who attack you in melee.
You have a pair of horns on your head.


Message History

Pikel freezes you.
* * * LOW HITPOINT WARNING * * *
The lemure hits you but does no damage. x2
Your shield prevents you from hitting Pikel.
You headbutt Pikel!
Pikel is heavily wounded.
You hit the lemure. You closely miss the lemure. You slash the lemure!
You kill the lemure!
That felt strangely unrewarding.
Pikel says, "You'll feel the lick of my whip!"
You block Pikel's attack. You block the lemure's attack. The lemure hits you.
* * * LOW HITPOINT WARNING * * *
Your shield prevents you from hitting Pikel.
Pikel is heavily wounded.
You closely miss the lemure. You hit the lemure. Pikel barely misses you.
The lemure hits you.
* * * LOW HITPOINT WARNING * * *
You block the lemure's attack.
Pikel hits you with a +1 whip of freezing.
You die...

###...... .........
....... .....# #...# ..
###..####### ...
###........... #..
###....K55...... #..
####.......@)......
##.(##.......##.†.......
#..........####..######.
.........### #..#
.......### ...#
.........####.....
..................
.......#.......##..
........###...##


You could see Pikel and 2 lemures.

Vanquished Creatures
  2 lemures (D:4)
  A hound (D:4)
  An orc wizard (D:4)
  A bullfrog skeleton (D:3)
  An orc priest (D:3)
  4 adders (D:3)
  4 gnolls (D:3)
  A dart slug (D:1)
  2 worms
  2 leopard geckos
  13 orcs
  10 bats
  6 giant cockroaches
  8 goblins
  10 hobgoblins
  4 jackals (D:2)
  3 quokkas (D:4)
  A frilled lizard (D:2)
  5 kobolds
  A quokka skeleton (D:4)
  10 rats
90 creatures vanquished.

Notes
Turn   | Place    | Note
-------+----------+-------------------------------------------
     0 | D:1      | Amaterasu the Minotaur Fighter began the quest for the Orb.
     0 | D:1      | Reached XP level 1. HP: 19/19 MP: 0/0
   289 | D:1      | Reached XP level 2. HP: 24/27 MP: 1/1
   878 | D:2      | Found a sparkling altar of Nemelex Xobeh.
   953 | D:2      | Reached XP level 3. HP: 35/35 MP: 2/2
  1335 | D:2      | Reached skill level 5 in Fighting
  1595 | D:3      | Reached XP level 4. HP: 42/42 MP: 3/3
  2003 | D:3      | Reached skill level 5 in Axes
  2003 | D:3      | Reached XP level 5. HP: 38/48 MP: 4/4
  2797 | D:4      | Noticed Eustachio
  2797 | D:4      | Identified the +0 helmet of Limited Liability {Will+ SInv}
  2797 | D:4      | Noticed Robin
  2924 | D:4      | Noticed a lemure
  2924 | D:4      | Noticed a lemure
  2928 | D:4      | Reached XP level 6. HP: 57/57 MP: 5/5
  2930 | D:4      | Noticed Pikel
  2946 | D:4      | HP: 2/57 [lemure[Pikel] (5)]
  2946 | D:4      | Slain by Pikel

Illustrated notes

Levels and vault maps discovered:
D:1:      eino_arrival_cavern_b, layout_basic
D:2:      layout_basic, nemelex_diamond_rough_becter
D:3:      layout_loops_corners, minmay_misc_feat_diagonals
D:4:      layout_layer_cave, uniq_pikel, uniq_grinder, uniq_eustachio,
          uniq_robin

Skill      XL: |  1  2  3  4  5 |
---------------+----------------+-----
Fighting       | 4 5 6 |  6.0
Axes           | 3 5 6 |  6.1
Armour         | |  3.7
Dodging        | |  0.1
Shields        | |  3.6

Action                   |  1- 3 |  4- 6 || total
-------------------------+-------+-------++-------
Melee: War axe           |    96 |   100 ||   196
       Headbutt          |    15 |    20 ||    35
  Use: Scroll            |     8 |     1 ||     9
Armor: Scale mail        |    33 |    54 ||    87
Dodge: Dodged            |    22 |    40 ||    62
Block: Kite shield       |    51 |    72 ||   123
